 Dungeon Crawl Stone Soup version 0.26-a0-682-g294304f6e8 (webtiles) character file.

Game seed: 11334945524249720442

410232 serber55 the Sorcerer (level 23, -9/141 HPs)
             Began as an Octopode Earth Elementalist on Oct 16, 2020.
             Was the Champion of Vehumet.
             Mangled by a quicksilver dragon (17 damage)
             ... on level 5 of the Vaults on Oct 21, 2020.
             The game lasted 05:10:08 (60065 turns).

serber55 the Sorcerer (OpEE)                       Turns: 60065, Time: 05:10:08

Health: -9/141     AC: 11    Str: 14    XL:     23   Next: 49%
Magic:  42/68      EV: 21    Int: 45    God:    Vehumet [******]
Gold:   3078       SH:  9    Dex: 18    Spells: 13/69 levels left

rFire    + . .     SeeInvis +   n - +6 mace of Tasymuq {flame, *Drain rF+ rN+ Int+5}
rCold    + + +     Faith    .   c - +3 buckler {reflect}
rNeg     + + .     Spirit   .   K - +0 hat of Fashionability {+Blink rC+ Regen+ Str+3}
rPois    +         Reflect  +   p - amulet "Buec" {*Contam rF- rC+++ MR++ Regen+}
rElec    +         Harm     .   J - ring of the Robin {*Corrode +Fly rC+ Dex+4}
rCorr    +         Rampage  .   z - +4 ring of protection
MR       ++++.                  b - ring of Utwoin {rPois rN+ MP+9 Dex+2}
Stlth    ++++++....             B - +6 ring of intelligence
HPRegen  1.13/turn              D - ring "Ittuhod" {*Drain rPois rF+ Int+6 Slay+5}
MPRegen  0.41/turn              T - ring of protection from magic
                                A - ring of resist corrosion
                                Y - ring of Muux {*Slow rElec MP+9 Int+2 SInv Stlth+}

@: very slightly contaminated
A: almost no armour, stealthy swim, amphibious, 8 rings, constrict 8, icy blue
scales 1, iridescent scales 2, camouflage 1, clever 1, frail 1, gelatinous body
1, evolution 1
}: 2/15 runes: decaying, gossamer
a: Renounce Religion, Evoke Blink, Evoke Flight


You were on level 5 of the Vaults.
You worshipped Vehumet.
Vehumet was exalted by your worship.
You visited 8 branches of the dungeon, and saw 40 of its levels.
You also visited: Ossuary, Ice Cave and Wizlab.

You collected 5231 gold pieces.
You spent 2153 gold pieces at shops.

Inventory:

Hand Weapons
 n - the +6 mace of Tasymuq (weapon) {flame, *Drain rF+ rN+ Int+5}
   (You found it on level 10 of the Dungeon)

   It has been specially enchanted to burn those struck by it, causing extra
   injury to most foes and up to half again as much damage against particularly
   susceptible opponents.
   It affects your intelligence (+5).
   It protects you from fire.
   It protects you from negative energy.
   It causes draining when unequipped.
Missiles
 M - a throwing net (quivered)
Armour
 c - a +3 buckler of reflection (worn)
 K - the +0 hat of Fashionability (worn) {+Blink rC+ Regen+ Str+3}
   (You acquired it on level 9 of the Dungeon)

   It affects your strength (+3).
   It protects you from cold.
   It lets you blink.
   It increases your rate of regeneration.
Jewellery
 b - the ring of Utwoin (on tentacle) {rPois rN+ MP+9 Dex+2}
   (You found it on level 2 of the Elven Halls)

   [ring of magical power]

   It affects your dexterity (+2).
   It protects you from poison.
   It protects you from negative energy.
   It affects your magic capacity (+9).
 p - the amulet "Buec" (around mantle) {*Contam rF- rC+++ MR++ Regen+}
   (You bought it in a shop on level 9 of the Dungeon)

   [amulet of regeneration]

   It makes you vulnerable to fire.
   It renders you almost immune to cold.
   It affects your resistance to hostile enchantments.
   It causes magical contamination when unequipped.
   It increases your rate of regeneration.
 z - a +4 ring of protection (right tentacle)
 A - a ring of resist corrosion (on tentacle)
 B - a +6 ring of intelligence (on tentacle)
 D - the ring "Ittuhod" (on tentacle) {*Drain rPois rF+ Int+6 Slay+5}
   (You found it on level 3 of the Elven Halls)

   [ring of intelligence]

   It affects your intelligence (+6).
   It affects your accuracy and damage with ranged weapons and melee attacks
   (+5).
   It protects you from fire.
   It protects you from poison.
   It causes draining when unequipped.
 J - the ring of the Robin (left tentacle) {*Corrode +Fly rC+ Dex+4}
   (You found it in a wizard's laboratory)

   [ring of flight]

   It affects your dexterity (+4).
   It protects you from cold.
   It lets you fly.
   It may corrode you when you take damage.
 T - a ring of protection from magic (on tentacle)
 Y - the ring of Muux (on tentacle) {*Slow rElec MP+9 Int+2 SInv Stlth+}
   (You found it on level 3 of the Elven Halls)

   [ring of magical power]

   It affects your intelligence (+2).
   It insulates you from electricity.
   It affects your magic capacity (+9).
   It lets you see invisible.
   It may slow you when you take damage.
   It makes you more stealthy.
Wands
 I - a wand of iceblast (32)
 Q - a wand of digging (15)
 R - a wand of disintegration (36)
 S - a wand of paralysis (46)
Scrolls
 d - 29 scrolls of remove curse
 o - 15 scrolls of teleportation
 r - 3 scrolls of magic mapping
 s - 2 scrolls of summoning
 t - 9 scrolls of enchant armour
 v - 2 scrolls of blinking
 y - 3 scrolls of immolation
 C - 5 scrolls of amnesia
 G - 10 scrolls of identify
 H - 5 scrolls of fog
 O - 3 scrolls of vulnerability
 P - a scroll of fear
 W - 4 scrolls of silence
 X - 4 scrolls of holy word
Potions
 a - 12 potions of heal wounds
 h - 3 potions of invisibility
 i - 7 potions of haste
 j - 3 potions of magic
 k - 6 potions of flight
 l - 2 potions of resistance
 m - 15 potions of curing
 u - 5 potions of berserk rage
 E - 6 potions of might
 F - 4 potions of cancellation
 V - 7 potions of ambrosia
Miscellaneous
 x - a tin of tremorstones (3/3)
 L - a lightning rod (4/4)


   Skills:
 * Level 13.3 Fighting
   Level 0.1 Staves
 * Level 10.5 Dodging
 - Level 7.0 Stealth
 - Level 5.9 Shields
 * Level 23.9 Spellcasting
 - Level 13.2 Conjurations
 - Level 0.3 Necromancy
 - Level 0.1 Translocations
   Level 4.0 Transmutations
 - Level 8.3 Fire Magic
 + Level 17.5 Earth Magic
 - Level 6.0 Evocations


You had 13 spell levels left.
You knew the following spells:

 Your Spells              Type           Power        Failure   Level
b - Borgnjor's Vile Clut  Necr/Erth      #######...   1%          5
c - Fire Storm            Conj/Fire      ########..   63%         9
d - Lee's Rapid Deconstr  Erth           ########..   0%          5
e - Lehudib's Crystal Sp  Conj/Erth      ########..   1%          8
g - Fireball              Conj/Fire      ########..   1%          5
h - Iskenderun's Mystic   Conj/Tloc      #######.     1%          4
i - Bolt of Magma         Conj/Fire/Erth ########..   1%          5
j - Iron Shot             Conj/Erth      ########..   1%          6
k - Shatter               Erth           ########..   6%          9

Your spell library contained the following spells:

 Spells                   Type           Power        Failure   Level
 Chain Lightning          Conj/Air       #######...   32%         8
 Absolute Zero            Ice            ######....   100%        9
 Foxfire                  Conj/Fire      ####         0%          1
 Magic Dart               Conj           ####         0%          1
 Sandblast                Erth           ######       0%          1
 Passwall                 Tmut/Erth      ########     0%          2
 Conjure Flame            Conj/Fire      ########     0%          3
 Stone Arrow              Conj/Erth      ######       0%          3
 Animate Skeleton         Necr           ######       1%          1
 Apportation              Tloc           ######       1%          1
 Beastly Appendage        Tmut           ######       1%          1
 Corona                   Hex            ######.      1%          1
 Freeze                   Ice            ####         1%          1
 Pain                     Necr           ####         1%          1
 Sting                    Tmut/Pois      ####         1%          1
 Summon Small Mammal      Summ           ####         1%          1
 Ensorcelled Hibernation  Hex/Ice        ######       1%          2
 Poisonous Vapours        Pois/Air       ######       1%          2
 Sublimation of Blood     Necr           ######....   1%          2
 Wereblood                Tmut           ######..     1%          2
 Confusing Touch          Hex            ######..     1%          3
 Dazzling Flash           Conj/Hex       ######       1%          3
 Frozen Ramparts          Ice            ######       1%          3
 Gell's Gravitas          Tloc           ######....   1%          3
 Ignite Poison            Fire/Tmut/Pois ######..     1%          3
 Inner Flame              Hex/Fire       #######.     1%          3
 Mephitic Cloud           Conj/Pois/Air  #######.     1%          3
 Ozocubu's Armour         Ice            ######..     1%          3
 Spider Form              Tmut/Pois      ######....   1%          3
 Static Discharge         Conj/Air       #######.     1%          3
 Tukima's Dance           Hex            ######..     1%          3
 Hailstorm                Conj/Ice       #######.     1%          4
 Ice Form                 Ice/Tmut       ######..     1%          4
 Leda's Liquefaction      Hex/Erth       #######...   1%          4
 Olgreb's Toxic Radiance  Pois           ######..     1%          4
 Petrify                  Tmut/Erth      ########     1%          4
 Sticky Flame             Conj/Fire      ########     1%          4
 Blade Hands              Tmut           ######....   1%          5
 Irradiate                Conj/Tmut      #######...   1%          5
 Lightning Bolt           Conj/Air       #######...   1%          5
 Yara's Violent Unravell  Hex/Tmut       ######....   1%          5
 Conjure Ball Lightning   Conj/Air       #######...   1%          6
 Statue Form              Tmut/Erth      ########.    1%          6
 Animate Dead             Necr           ######....   2%          4
 Freezing Cloud           Conj/Ice/Air   #######...   2%          6
 Cause Fear               Hex            ######....   3%          4
 Summon Ice Beast         Ice/Summ       ######..     3%          4
 Summon Lightning Spire   Summ/Air       ######..     3%          4
 Alistair's Intoxication  Tmut/Pois      ######...    3%          5
 Metabolic Englaciation   Hex/Ice        ######....   9%          5
 Silence                  Hex/Air        ######....   9%          5
 Hydra Form               Tmut           ######....   9%          6
 Ozocubu's Refrigeration  Ice            ######....   13%         6
 Ignition                 Fire           #######...   17%         8
 Eringya's Noxious Bog    Tmut/Pois      ######....   21%         6
 Death Channel            Necr           ######....   36%         6
 Simulacrum               Ice/Necr       ######....   38%         6
 Dragon Form              Tmut           ######....   45%         7
 Dragon's Call            Summ           ######....   100%        9
 Tornado                  Air            ######....   100%        9


Dungeon Overview and Level Annotations

Branches:
Dungeon (15/15)            Temple (1/1) D:6            Lair (6/6) D:9
  Swamp (4/4) Lair:4       Spider (4/4) Lair:4        Slime (0/5) Lair:5
    Orc (2/2) D:12            Elf (3/3) Orc:2        Vaults (5/5) D:13
  Crypt (0/3) Vaults:2     Depths (0/5) D:15        Ossuary (visited)
  IceCv (visited)          WizLab (visited)

Altars:
Ashenzari
Cheibriados
Dithmenos
Elyvilon
Fedhas
Gozag
Hepliaklqana
Kikubaaqudgha
Makhleb
Nemelex Xobeh
Okawaru
Qazlal
Ru
Sif Muna
Trog
Uskayaw
Vehumet
Wu Jian
Xom
Yredelemnul
Zin
The Shining One
Beogh
Jiyva

Shops:
D:9 *=!*}   D:11 ?   D:13 !   Orc:2 !}=:   Elf:3 :   Vaults:4 (

Annotations:
Elf:2 2 runed translucent doors


Innate Abilities, Weirdness & Mutations

You cannot wear most types of armour.
You are very stealthy in the water. (Stealth+)
You are amphibious.
You can wear up to eight rings at the same time.
You can use your tentacles to constrict eight enemies at once.
Your skin changes colour to match your surroundings (Stealth+).
Your rubbery body absorbs attacks. (AC +1, EV +1)
You are partially covered in icy blue scales. (AC +2)
You are mostly covered in iridescent scales. (AC +4)
Your mind is acute. (Int +2)
You are frail. (-10% HP)
You evolve.


Message History

The tengu reaver is severely wounded.
The ironheart preserver is almost dead.
You kill the vault warden!
Vehumet accepts your kill.
You feel your power returning.
Ka-crash!
You hear a shout! x3
The quicksilver dragon bites you!
You block the quicksilver dragon's attack.
The ironheart preserver casts a spell.
The ironheart preserver is healed somewhat.
A snapping turtle comes into view.
A deep troll comes into view.
The snapping turtle changes into a glowing orange brain!
The quicksilver dragon breathes dispelling energy at you.
The bolt of dispelling energy hits you!!!
* * * LOW HITPOINT WARNING * * *
The tengu reaver hits you with a +0 war axe.
* * * LOW HITPOINT WARNING * * *
The tengu reaver misses you. You block the tengu reaver's attack.
The quicksilver dragon bites you!
You die...

##..#......#...
..p.).........)
.#.....)......G
.....†..)).....
...#...).....).
.......))).....
......))D<).)..
)....))@Q.<.)).
.....)))<<.)...
.......))).)..#
.........)....)
..#..).).....W.
#......".....##
#..........."[.
...........T[)(


You could see an ironheart preserver, a quicksilver dragon (catching breath), a
tengu reaver, a glowing orange brain shaped shifter, a deep troll and a
phantasmal warrior.

Vanquished Creatures
  Mara (Vaults:2)
  Bai Suzhen (Swamp:4)
  Jorgrun (Swamp:2)
  A moon troll (WizLab)
  An Ice Fiend (IceCv)
  A tentacled monstrosity (Vaults:5)
  2 deep elf blademasters (Elf:3)
  A titan (Vaults:5)
  2 quicksilver dragons (WizLab)
  The ghost of Kyerol the Warrior, an adept TeSu of Ashenzari (Elf:2)
  2 deep elf master archers (Elf:3)
  A sphinx (Vaults:4)
  Frances (Elf:1)
  3 thorn hunters
  10 tentacled starspawn (WizLab)
  A tengu reaver (Vaults:5)
  Kirke (D:14)
  An orc warlord (Vaults:1)
  An iron dragon (Vaults:5)
  14 vault wardens
  3 ghost moths (Spider:4)
  A cacodemon (WizLab)
  8 deep elf sorcerers
  6 deep elf elementalists
  8 emperor scorpions
  Aizul (Vaults:4)
  A war gargoyle (WizLab)
  8 entropy weavers
  A ghoul (Vaults:3)
  8 ironheart preservers
  A very ugly thing (Vaults:2)
  8 stone giants
  8 deep elf annihilators (Elf:3)
  8 deep elf demonologists
  The ghost of Jogov the Destroyer, a journeyman DgWz (D:14)
  3 ettins
  5 deep elf death magi
  2 spark wasps
  Josephine (Lair:4)
  A crystal guardian (WizLab)
  5 deep elf high priests
  Fannar (D:10)
  3 yaktaur captains
  Erolcha (Orc:2)
  9 great orbs of eyes
  4 boulder beetles
  4 ice dragons
  33 vault guards
  22 hydras
  A rakshasa (Vaults:2)
  A ghost crab (Swamp:4)
  6 centaur warriors
  4 shambling mangroves
  2 catoblepae
  19 alligators
  29 dancing weapons
  A death knight (Vaults:3)
  33 two-headed ogres
  12 ogre magi
  2 tengu warriors
  A vampire mage (Vaults:2)
  2 hell knights
  16 deep elf knights
  A fire crab (Lair:6)
  Sonja (Lair:4)
  2 fire crabs (shapeshifter)
  A skeletal warrior (Vaults:3)
  5 wizards
  A shadow wraith (Vaults:3)
  An orange crystal statue (WizLab)
  3 unseen horrors
  9 swamp dragons
  A spriggan druid (Swamp:4)
  A swamp dragon (shapeshifter) (Vaults:4)
  14 ironbrand convokers
  3 deep trolls (Vaults:1)
  A phantasmal warrior (Vaults:3)
  3 harpies (Vaults:4)
  4 glowing orange brains (WizLab)
  2 necromancers
  14 deep elf archers
  55 deep elf magi
  2 lindwurms (Lair:6)
  11 orb spiders
  A harpy (shapeshifter) (Vaults:1)
  20 orc knights
  7 orc sorcerers
  31 wolf spiders
  3 oklob plants (Lair:3)
  2 manticores (Lair:6)
  8 cyclopes
  4 elephants
  19 ugly things
  6 moths of wrath
  A moth of wrath (shapeshifter) (D:15)
  Maurice (Orc:2)
  7 black mambas
  4 centaur zombies
  4 torpor snails
  4 eyes of devastation (WizLab)
  2 ice statues
  A gargoyle (D:15)
  12 vault sentinels
  16 cane toads
  Maggie (D:9)
  4 rime drakes
  2 anaconda simulacra (IceCv)
  14 komodo dragons
  33 yaktaurs
  13 freezing wraiths
  6 ice devils (IceCv)
  2 golden dragon simulacra (IceCv)
  14 demonic crawlers
  36 jumping spiders
  A redback zombie (D:15)
  4 polar bears
  A tengu simulacrum (Vaults:2)
  12 trolls
  7 tyrant leeches
  A jumping spider (shapeshifter) (Elf:3)
  3 meliai (D:15)
  21 hornets
  A wolf spider simulacrum (IceCv)
  A hornet (shapeshifter) (Vaults:4)
  A raiju (shapeshifter) (Vaults:2)
  Grinder (D:5)
  21 blink frogs
  7 bog bodies
  17 slime creatures
  5 spriggans
  13 starcursed masses (WizLab)
  A flying skull (Vaults:2)
  7 shadows
  2 centaur simulacra
  2 air elementals
  5 dire elephant simulacra (IceCv)
  87 redbacks
  6 water elementals
  24 tarantellas
  A vampire (D:12)
  5 wyverns
  Eustachio (D:5)
  3 basilisks
  11 wraiths
  4 fire elementals
  3 hogs (D:14)
  58 yaks
  2 steam dragons
  3 swamp worm simulacra (Swamp:4)
  10 golden eyes (WizLab)
  A human simulacrum (Vaults:1)
  7 vampire mosquitoes
  5 neqoxecs
  3 harpy simulacra
  4 iron troll simulacra (IceCv)
  39 insubstantial wisps
  A naga (shapeshifter) (Vaults:3)
  3 wargs
  A soldier ant (D:14)
  2 acid dragons
  10 swamp worms
  15 hydra simulacra
  11 water moccasins
  44 orc warriors
  5 black bears
  6 sky beasts
  2 ice beasts (D:9)
  2 eyes of draining
  3 phantoms
  5 swamp drakes
  A black bear (shapeshifter) (Vaults:3)
  2 ettin simulacra (IceCv)
  5 boggarts (D:14)
  3 necrophages
  65 ogres
  12 wolves
  27 centaurs
  21 bullfrogs
  2 big kobolds
  4 earth elementals
  7 scorpions
  A water moccasin skeleton (D:6)
  10 killer bees
  2 elephant simulacra (IceCv)
  27 wights
  4 electric eels
  9 howler monkeys
  6 hounds
  8 quasits
  4 draconian simulacra (IceCv)
  3 bullfrog skeletons
  7 jellies
  19 orc wizards
  25 orc priests
  Jessica (D:3)
  4 centaur skeletons
  9 iguanas
  A polar bear simulacrum (IceCv)
  A spriggan simulacrum (IceCv)
  18 worker ants
  A killer bee zombie (D:10)
  3 troll simulacra (IceCv)
  A hound skeleton (D:10)
  2 mummies
  4 worker ant zombies
  3 gnolls (D:7)
  17 adders
  3 naga simulacra (IceCv)
  An ogre simulacrum (IceCv)
  2 shadow imps
  8 white imps
  5 swamp drake simulacra (Swamp:4)
  7 ufetubi (IceCv)
  2 oozes (D:1)
  3 adder zombies
  4 adder skeletons
  5 dart slugs
  3 worms
  7 leopard geckos
  105 orcs
  A ball python (D:5)
  4 bats
  9 giant cockroaches
  6 goblins
  17 hobgoblins
  18 kobolds
  8 quokkas
  A ball python skeleton (D:4)
  5 frilled lizards
  6 gnoll skeletons (Ossuary)
  2 goblin zombies (D:5)
  A jackal skeleton (D:5)
  4 kobold skeletons (Ossuary)
  A leopard gecko skeleton (D:5)
  15 orc skeletons (Ossuary)
  2 quokka skeletons
  5 rats
  3 bushes (D:14)
  A butterfly (Lair:1)
  2 crawling corpses (Elf:3)
  2 starspawn tentacles (WizLab)
1882 creatures vanquished.

Vanquished Creatures (others)
  An alligator (Swamp:4)
  An unseen horror (D:13)
  2 deep elf magi
  3 vampire mosquitoes (Swamp:4)
  2 swamp worms (Swamp:4)
  A hound (D:13)
  2 worker ants (D:13)
  2 orcs
  8 demonic plants (WizLab)
  14 foxfires
  41 fungi
  37 plants
  8 starspawn tentacles (WizLab)
122 creatures vanquished.

Grand Total: 2004 creatures vanquished

Notes
Turn   | Place    | Note
-------+----------+-------------------------------------------
     0 | D:1      | serber55 the Octopode Earth Elementalist began the quest
                  | for the Orb.
     0 | D:1      | Reached XP level 1. HP: 11/11 MP: 3/3
   141 | D:1      | Reached XP level 2. HP: 17/17 MP: 5/5
   447 | D:1      | Reached XP level 3. HP: 21/21 MP: 2/6
   504 | D:1      | Learned a level 3 spell: Stone Arrow
  1103 | D:2      | Found a glowing silver altar of Zin.
  1196 | D:2      | Reached XP level 4. HP: 27/27 MP: 5/7
  1475 | D:2      | Found a white marble altar of Elyvilon.
  1510 | D:2      | Found a faded altar of an unknown god.
  1605 | D:2      | Found a sacrificial altar of Ru.
  1656 | D:2      | Reached skill level 1 in Conjurations
  1973 | D:3      | Reached XP level 5. HP: 19/32 MP: 8/8
  2102 | D:3      | Learned a level 4 spell: Petrify
  2346 | D:3      | Reached skill level 1 in Fighting
  2777 | D:3      | Noticed Jessica
  2793 | D:3      | Killed Jessica
  2793 | D:3      | Reached skill level 3 in Spellcasting
  2927 | D:3      | Reached skill level 5 in Earth Magic
  2927 | D:3      | Reached XP level 6. HP: 13/38 MP: 3/10
  3262 | D:3      | Found a burning altar of Makhleb.
  3981 | D:4      | Reached XP level 7. HP: 43/43 MP: 7/12
  4039 | D:4      | Learned a level 5 spell: Lee's Rapid Deconstruction
  4136 | D:4      | Reached skill level 4 in Spellcasting
  4732 | D:4      | Reached XP level 8. HP: 41/49 MP: 6/15
  4963 | D:5      | Entered Level 5 of the Dungeon
  5009 | D:5      | Found a sand-covered staircase.
  5015 | Ossuary  | Entered an ossuary
  5015 | Ossuary  | Noticed a wraith
  5015 | Ossuary  | Noticed a wraith
  5015 | Ossuary  | Noticed a wraith
  5018 | Ossuary  | Learned a level 1 spell: Foxfire
  5538 | Ossuary  | Reached skill level 5 in Spellcasting
  5572 | Ossuary  | Noticed a wraith
  5933 | Ossuary  | Killed a wraith
  6243 | D:5      | Noticed Grinder
  6245 | D:5      | Paralysed by Grinder for 3 turns
  6258 | D:5      | Killed Grinder
  6728 | D:5      | Reached skill level 6 in Spellcasting
  7253 | D:5      | Noticed Eustachio
  7260 | D:5      | Killed Eustachio
  7260 | D:5      | Reached XP level 9. HP: 54/54 MP: 2/18
  7660 | D:6      | Found a staircase to the Ecumenical Temple.
  7671 | Temple   | Entered the Ecumenical Temple
  7793 | Temple   | Became a worshipper of Vehumet
  8618 | D:7      | Found a glowing golden altar of the Shining One.
  8742 | D:7      | Found a basalt altar of Yredelemnul.
  8955 | D:7      | Noticed a +0 dagger
  8955 | D:7      | Noticed a +0 dagger
  8984 | D:7      | Found a hide-covered altar of Uskayaw.
  9010 | D:7      | Reached skill level 7 in Spellcasting
  9160 | D:7      | Reached * piety under Vehumet
  9160 | D:7      | Offered knowledge of Freeze by Vehumet.
  9441 | D:7      | Found an ornate altar of the Wu Jian Council.
 10180 | D:8      | Reached XP level 10. HP: 63/63 MP: 13/21
 10374 | D:9      | Noticed Maggie
 10850 | D:9      | Reached skill level 8 in Spellcasting
 11140 | D:9      | Killed Maggie
 11319 | D:9      | Found Unkouv's Assorted Antiques.
 11323 | D:9      | Found Jilut's Gadget Emporium.
 11332 | D:9      | Found Ligezaca's Distillery.
 11340 | D:9      | Bought a potion of mutation for 136 gold pieces
 11340 | D:9      | Bought a potion of cancellation for 136 gold pieces
 11421 | D:9      | Found a staircase to the Lair.
 11458 | D:9      | Offered knowledge of Magic Dart by Vehumet.
 11467 | D:9      | Learned a level 1 spell: Magic Dart
 11476 | D:9      | Found a shimmering altar of Xom.
 11524 | D:9      | Reached ** piety under Vehumet
 11531 | D:9      | Learned a level 5 spell: Fireball
 12010 | D:9      | Identified a scroll of acquirement
 12011 | D:9      | Acquired the +0 hat of Fashionability {+Blink rC+ Regen+
                  | Str+3}
 12101 | D:9      | Found Esodatas's Assorted Antiques.
 12122 | D:9      | Reached skill level 5 in Stealth
 12123 | D:9      | Bought a glowing quarterstaff for 154 gold pieces
 12123 | D:9      | Bought a potion of heal wounds for 110 gold pieces
 12143 | D:9      | Found Mungash's Jewellery Boutique.
 12414 | D:10     | Entered Level 10 of the Dungeon
 12414 | D:10     | Noticed Fannar
 12416 | D:10     | Offered knowledge of Searing Ray by Vehumet.
 12529 | D:10     | Reached skill level 5 in Dodging
 12539 | D:10     | Noticed a two-headed ogre
 12684 | D:10     | Reached XP level 11. HP: 61/70 MP: 12/23
 12687 | D:10     | Killed Fannar
 12687 | D:10     | Reached skill level 9 in Spellcasting
 12687 | D:10     | Reached skill level 10 in Earth Magic
 12687 | D:10     | Reached *** piety under Vehumet
 12812 | D:10     | Killed a two-headed ogre
 12812 | D:10     | Reached skill level 5 in Fighting
 13044 | D:10     | Got a crystal mace
 13045 | D:10     | Identified the +6 mace of Tasymuq {flame, *Drain rF+ rN+
                  | Int+5} (You found it on level 10 of the Dungeon)
 13063 | D:10     | Noticed a wizard
 13072 | D:10     | Killed a wizard
 13209 | D:10     | Got a fine long sword
 13210 | D:10     | Identified the +8 long sword "Leviticus" {vorpal, Int+6
                  | Stlth-} (You found it on level 10 of the Dungeon)
 13236 | D:10     | Offered knowledge of Iskenderun's Mystic Blast by Vehumet.
 13238 | D:10     | Identified the +3 halberd of the Lost Priests {vorpal, +Fly
                  | Dex+4}
 13368 | D:10     | Learned a level 4 spell: Iskenderun's Mystic Blast
 13733 | Lair:1   | Entered Level 1 of the Lair of Beasts
 13734 | Lair:1   | Reached skill level 1 in Fire Magic
 13873 | Lair:1   | Found a sacrificial altar of Ru.
 14244 | Lair:1   | Reached skill level 10 in Spellcasting
 14244 | Lair:1   | Reached skill level 5 in Conjurations
 14330 | Lair:1   | Noticed a five-headed hydra
 14341 | Lair:1   | Killed a five-headed hydra
 14936 | Lair:2   | Reached XP level 12. HP: 79/79 MP: 24/26
 15482 | Lair:2   | You fall into a shaft and drop 1 floor!
 15567 | Lair:2   | Reached **** piety under Vehumet
 15572 | Lair:2   | Reached skill level 11 in Spellcasting
 15575 | Lair:2   | Offered knowledge of Bolt of Magma by Vehumet.
 15582 | Lair:2   | Learned a level 5 spell: Bolt of Magma
 16870 | Lair:3   | Noticed a five-headed hydra
 16887 | Lair:3   | Reached skill level 12 in Spellcasting
 17015 | Lair:3   | Killed a five-headed hydra
 17311 | Lair:3   | Reached skill level 5 in Fire Magic
 17311 | Lair:3   | Reached XP level 13. HP: 86/86 MP: 4/29
 18389 | Lair:4   | Found a staircase to the Swamp.
 18906 | Lair:4   | Got a scorched pewter ring
 18907 | Lair:4   | Identified the ring of the Cockroach {Ice +Blink Str+3
                  | Int-3} (You found it on level 4 of the Lair of Beasts)
 18985 | Lair:4   | Reached skill level 13 in Spellcasting
 19003 | Lair:4   | Reached ***** piety under Vehumet
 19003 | Lair:4   | Offered knowledge of Olgreb's Toxic Radiance by Vehumet.
 19004 | Lair:4   | Noticed Josephine
 19018 | Lair:4   | Killed Josephine
 19277 | Lair:4   | Found a hole to the Spider Nest.
 19465 | Lair:4   | Noticed Sonja
 19469 | Lair:4   | Killed Sonja
 19853 | Lair:5   | Found a staircase to the Slime Pits.
 19855 | Lair:5   | Found a viscous altar of Jiyva.
 21142 | Lair:6   | Entered Level 6 of the Lair of Beasts
 21417 | Lair:6   | Reached XP level 14. HP: 95/95 MP: 25/31
 21887 | Lair:6   | Found an ornate altar of the Wu Jian Council.
 22115 | Lair:6   | Reached skill level 1 in Shields
 22206 | Lair:6   | Reached skill level 14 in Spellcasting
 22427 | Lair:6   | Identified the Compendium of Oenomania
 23298 | D:11     | Found Onweick's Magic Scroll Shoppe.
 23317 | D:11     | Bought a scroll of blinking for 120 gold pieces
 24164 | D:12     | Offered knowledge of Yara's Violent Unravelling by Vehumet.
 24374 | D:12     | Upgraded the game from 0.26-a0-667-g92642533e4 to
                  | 0.26-a0-682-g294304f6e8
 24487 | D:12     | Found a shimmering altar of Xom.
 24503 | D:12     | Found a staircase to the Orcish Mines.
 25099 | Orc:1    | Entered Level 1 of the Orcish Mines
 25831 | Orc:2    | Entered Level 2 of the Orcish Mines
 25910 | Orc:2    | Noticed Erolcha
 25915 | Orc:2    | Killed Erolcha
 25916 | Orc:2    | Noticed Maurice
 25994 | Orc:2    | Found a staircase to the Elven Halls.
 25996 | Orc:2    | Offered knowledge of Iron Shot by Vehumet.
 26000 | Orc:1    | Reached XP level 15. HP: 70/100 MP: 29/33
 26097 | Orc:2    | Killed Maurice
 26108 | Orc:1    | Learned a level 6 spell: Iron Shot
 26411 | Orc:2    | Reached skill level 15 in Spellcasting
 26794 | Orc:2    | Found Muasemai's Gadget Emporium.
 26796 | Orc:2    | Found Zuclahoi's Book Shop.
 26796 | Orc:2    | Found Jethrull's Jewellery Emporium.
 26796 | Orc:2    | Found Pani's Distillery.
 27148 | D:9      | Bought the ring of Brilliance {rElec rPois MR+ Str+2} for
                  | 616 gold pieces
 27369 | D:13     | Found Nimpul's Distillery.
 27483 | D:13     | Found a shimmering altar of Xom.
 27713 | D:13     | Reached skill level 5 in Shields
 27724 | D:13     | Offered knowledge of Irradiate by Vehumet.
 28082 | D:13     | Found a gate to the Vaults.
 28468 | D:14     | Noticed Kirke
 28475 | D:14     | Killed Kirke
 28475 | D:14     | Reached skill level 10 in Conjurations
 28539 | D:14     | Found an ancient bone altar of Kikubaaqudgha.
 29268 | D:14     | Found a transporter.
 29270 | D:14     | Noticed Jogov's ghost (journeyman DgWz)
 29308 | D:14     | Found a transporter.
 29342 | D:14     | Killed Jogov's ghost
 29344 | D:14     | Gained mutation: You are weak. (Str -2) [a neqoxec]
 29648 | D:15     | Entered Level 15 of the Dungeon
 29708 | D:15     | Reached XP level 16. HP: 41/107 MP: 27/35
 30597 | D:15     | Learned a level 9 spell: Shatter
 30720 | D:15     | Lost mutation: You are weak. (Str -2) [potion of mutation]
 30720 | D:15     | Gained mutation: You evolve. [potion of mutation]
 30720 | D:15     | Gained mutation: Your magical capacity is low. (-10% MP)
                  | [potion of mutation]
 30720 | D:15     | Gained mutation: Your mind is acute. (Int +2) [potion of
                  | mutation]
 30784 | D:15     | Offered knowledge of Starburst by Vehumet.
 30866 | D:15     | Found a staircase to the Depths.
 30875 | D:15     | Got a shimmering rapier
 30876 | D:15     | Identified the cursed +0 rapier "Aleuner" {vorpal, Str+7}
                  | (You found it on level 15 of the Dungeon)
 30954 | D:14     | Gained mutation: You are partially covered in icy blue
                  | scales. (AC +2) [evolution]
 31111 | Swamp:1  | Entered Level 1 of the Swamp
 31158 | Swamp:1  | Found a frozen archway.
 31213 | IceCv    | Entered an ice cave
 31501 | IceCv    | Reached skill level 16 in Spellcasting
 31924 | IceCv    | Noticed an Ice Fiend
 31925 | IceCv    | Reached ****** piety under Vehumet
 31929 | IceCv    | Offered knowledge of Conjure Ball Lightning by Vehumet.
 31980 | IceCv    | Killed an Ice Fiend
 32555 | Swamp:1  | Noticed a thorn hunter
 32559 | Swamp:1  | Killed a thorn hunter
 32630 | Swamp:1  | Learned a level 5 spell: Borgnjor's Vile Clutch
 32702 | Swamp:1  | Reached skill level 10 in Fighting
 33568 | Swamp:2  | Noticed a thorn hunter
 33573 | Swamp:2  | Killed a thorn hunter
 33573 | Swamp:2  | Reached XP level 17. HP: 109/115 MP: 27/34
 33771 | Swamp:2  | Noticed Jorgrun
 33780 | Swamp:2  | Killed Jorgrun
 33928 | Swamp:2  | Offered knowledge of Lehudib's Crystal Spear by Vehumet.
 33967 | Swamp:2  | Reached skill level 17 in Spellcasting
 34098 | Swamp:2  | Lost mutation: Your magical capacity is low. (-10% MP)
                  | [evolution]
 34970 | Swamp:3  | Offered knowledge of Fire Storm by Vehumet.
 34970 | Swamp:3  | Offered knowledge of Chain Lightning by Vehumet.
 34970 | Swamp:3  | Offered knowledge of Absolute Zero by Vehumet.
 34982 | Swamp:3  | Learned a level 9 spell: Fire Storm
 35492 | Swamp:4  | Entered Level 4 of the Swamp
 35829 | Swamp:4  | Noticed Bai Suzhen
 36154 | Swamp:4  | Killed Bai Suzhen
 36518 | Swamp:4  | Reached skill level 1 in Evocations
 37015 | Swamp:4  | Reached XP level 18. HP: 106/121 MP: 37/39
 37073 | Swamp:4  | Got a decaying rune of Zot
 37383 | Elf:1    | Entered Level 1 of the Elven Halls
 37394 | Elf:1    | Reached skill level 18 in Spellcasting
 37888 | Elf:1    | Noticed Frances
 37893 | Elf:1    | Killed Frances
 39370 | Elf:2    | Found a runed translucent door.
 39370 | Elf:2    | Found a shimmering altar of Xom.
 39370 | Elf:2    | Identified the +9 morningstar of Nipehik {chaos, rF- rC+
                  | rN+ Str+2}
 39370 | Elf:2    | Noticed Kyerol's ghost (adept TeSu)
 39899 | Elf:2    | Found a large runed translucent door.
 39899 | Elf:2    | Found a large runed translucent door.
 39922 | Elf:2    | Found a large runed translucent door.
 39922 | Elf:2    | Found a large runed translucent door.
 40165 | Elf:2    | Reached skill level 19 in Spellcasting
 40171 | Elf:2    | Reached skill level 5 in Evocations
 40959 | Elf:2    | Killed Kyerol's ghost
 40995 | Elf:2    | Got a flickering lead ring
 40997 | Elf:2    | Identified the ring of Utwoin {rPois rN+ MP+9 Dex+2} (You
                  | found it on level 2 of the Elven Halls)
 41147 | Elf:3    | Entered Level 3 of the Elven Halls
 41164 | Elf:3    | Found Xutell's Book Shoppe.
 41173 | Elf:3    | Reached XP level 19. HP: 93/127 MP: 32/42
 41324 | Elf:3    | Reached skill level 10 in Dodging
 41470 | Elf:3    | Gained mutation: You are partially covered in iridescent
                  | scales. (AC +2) [evolution]
 41756 | Elf:3    | Reached skill level 20 in Spellcasting
 42245 | Elf:3    | Identified the cursed +1 plate armour of Dumel {-Tele +Inv
                  | rF++ Regen+}
 42382 | Elf:3    | Identified the cursed +3 broad axe of Eshrec {venom,
                  | Fragile Str+6}
 42552 | Elf:3    | Got a bound steel ring
 42554 | Elf:3    | Identified the ring "Ittuhod" {*Drain rPois rF+ Int+6
                  | Slay+5} (You found it on level 3 of the Elven Halls)
 42558 | Elf:3    | Got a brightly glowing ivory ring
 42560 | Elf:3    | Identified the ring of Muux {*Slow rElec MP+9 Int+2 SInv
                  | Stlth+} (You found it on level 3 of the Elven Halls)
 42577 | Elf:3    | Got a scorched jade ring
 42578 | Elf:3    | Identified the ring "Cyabimam" {+Fly Int+2} (You found it
                  | on level 3 of the Elven Halls)
 42581 | Elf:3    | Identified the Catalogue of Dark Magic
 42648 | Elf:3    | Identified Sif Muna's Papyrus of Fiery Transmutation
 42854 | Elf:3    | Learned a level 8 spell: Lehudib's Crystal Spear
 43060 | Elf:3    | Reached skill level 15 in Earth Magic
 43725 | Spider:1 | Entered Level 1 of the Spider Nest
 44834 | Spider:2 | Reached XP level 20. HP: 75/133 MP: 36/44
 45698 | Spider:2 | Reached skill level 21 in Spellcasting
 45878 | Spider:2 | Acquired 214 gold pieces
 46006 | D:9      | Bought the amulet "Buec" {*Contam rF- rC+++ MR++ Regen+}
                  | for 881 gold pieces
 47945 | Spider:4 | Entered Level 4 of the Spider Nest
 50014 | Spider:4 | Got a gossamer rune of Zot
 50380 | Vaults:1 | Entered Level 1 of the Vaults
 50599 | Vaults:1 | Found a roughly hewn altar of Beogh.
 50626 | Vaults:1 | Reached XP level 21. HP: 140/140 MP: 5/46
 51406 | Vaults:1 | Gained mutation: You are mostly covered in iridescent
                  | scales. (AC +4) [evolution]
 52619 | Vaults:2 | Reached skill level 22 in Spellcasting
 53261 | Vaults:2 | Found a staircase to the Crypt.
 53486 | Vaults:2 | Noticed Mara
 53493 | Vaults:2 | Killed Mara
 55526 | Vaults:3 | Reached XP level 22. HP: 148/149 MP: 37/48
 56483 | Vaults:4 | Found Rurasuck's Antique Weapon Emporium.
 56584 | Vaults:4 | Noticed Aizul
 56587 | Vaults:4 | Killed Aizul
 56602 | Vaults:4 | Found a magical portal.
 56611 | WizLab   | Entered Lehudib's Moon Base
 56828 | WizLab   | Found a transporter.
 56878 | WizLab   | Gained mutation: You are frail. (-10% HP) [a neqoxec]
 57101 | WizLab   | Reached skill level 23 in Spellcasting
 57615 | WizLab   | Found a transporter.
 57877 | WizLab   | Got a clouded jade ring
 57878 | WizLab   | Identified the ring of the Robin {*Corrode +Fly rC+ Dex+4}
                  | (You found it in a wizard's laboratory)
 58453 | WizLab   | Got an encrusted hat
 58454 | WizLab   | Identified the cursed +0 hat of Beogh's Outrage {Dex+7}
                  | (You found it in a wizard's laboratory)
 58932 | Vaults:4 | Reached XP level 23. HP: 131/141 MP: 12/50
 60055 | Vaults:5 | Entered Level 5 of the Vaults
 60065 | Vaults:5 | Mangled by a quicksilver dragon

Illustrated notes

Levels and vault maps discovered:
D:1:      elethiomel_arrival_quiet, layout_basic, st_stairs_5
D:2:      layout_basic, zin_statuary, lemuel_doored_altar,
          lemuel_coloured_pillars_altar, chequers_ecumenical_altar_grove,
          kennysheep_small_spiral, minmay_statues_item, moated_statue
D:3:      layout_basic, makhleb_blood_cavern_becter, uniq_jessica
D:4:      layout_loops_ring
D:5:      layout_rooms, nicolae_ossuary_entry_giza, uniq_eustachio, uniq_grinder
D:6:      layout_basic, minmay_temple_entry_mist
D:7:      layout_gridville, kennysheep_mini_moat, overflow_temple_1_default,
          tso_metal_star, dancing_weapons_uskayaw
D:8:      layout_loops_cross, serial_glass, glass_columns_a, glass_columns_a,
          glass_columns_a, glass_columns_a, glass_columns_a
D:9:      layout_irregular_city, kennysheep_mini, lair_entry_dummy,
          serial_shops, shop, shop, nicolae_shop_trees, nicolae_shop_trees,
          shop, uniq_maggie
D:10:     layout_cave_pools, uniq_fannar
D:11:     layout_stronghold, serial_shops, nicolae_shop_crystal
D:12:     layout_stronghold, orc_0_dummy, grunt_ministairs_8, lemuel_tele_altar
D:13:     layout_basic, lightli_vaults_fourway_checkpoint, serial_shops,
          nicolae_shop_window_shopping, xom_confusion_cloud
D:14:     layout_loops_cross, gammafunk_ghost_stat_death, serial_park_gazebo
          [serial_park_minivault_5x5_2], basic_altar, uniq_kirke
D:15:     grunt_enter_depths_magical_seal, layout_basic, chequers_garden,
          minmay_fractal_squares_5
Temple:   dshaligram_water_room_temple
Lair:1:   layout_regular_city, basic_altar, grunt_megastairs_3,
          lemuel_fruit_fields
Lair:2:   layout_roguey, infiniplex_staircase_pool_2, grunt_megastairs_4
Lair:3:   layout_cave_pods, beast_lair_carwin_1, infiniplex_staircase_pool,
          lemuel_fruit_tree, minmay_lair_oklob_chamber, grunt_megastairs_2
Lair:4:   layout_big_grid, swamp_mist_pool, nicolae_spider_entry_non_spiders,
          uniq_josephine, uniq_sonja
Lair:5:   layout_cave_pods, slime_altar_1, nicolae_volcano_entry_lava_flow,
          gammafunk_lair_bear_cave
Lair:6:   hangedman_lair_in_review, layout_gridlike, basic_altar,
          gauntlet_entry_generic
Swamp:1:  layout_falls_marsh, portal_ice_cave_entry_ice_statue_one,
          evilmike_swamp_ruin_house_1
Swamp:2:  layout_basic_swamp, nicolae_swamp_feature_on_the_river_bank,
          swamp_pool3, uniq_jorgrun
Swamp:3:  layout_basic_swamp, hangedman_swamp_cone
Swamp:4:  swamp_icy, layout_basic_swamp, uniq_bai_suzhen
Spider:1: layout_spider_delve, nicolae_spider_webs_and_nodes
Spider:2: cheibrodos_spider_silkery, einodemon_crawler_minivault
Spider:3: nicolae_spider_hall_of_the_moth_king, spiders_nest_hornet_nest
Spider:4: grunt_spider_rune_circles, nicolae_spider_cling_ruins
Orc:1:    layout_caves
Orc:2:    st_orc_ogre_mass, layout_caves, uniq_erolcha, uniq_maurice
Elf:1:    eino_elf_arrival_customs, layout_loops_cross, hangedman_elf_represent,
          grunt_ministairs_7, nicolae_elf_v_pinch, grunt_megastairs_1,
          uniq_frances
Elf:2:    layout_gridlike, ebering_ghost_xom, hangedman_elf_targetted_burst
Elf:3:    elf_hall, layout_geoelf_octagon, serial_shops,
          nicolae_shop_behind_doors, st_stairs_4, minmay_misc_feat_cross
Vaults:1: ontoclasm_vaults_eye, special_room_vaults [special_room_orc],
          vaults_standard_mumra_lines, v_misc_28, hangedman_vaults_slice,
          vaults_dpeg_ring, grunt_vaults_funnel,
          nicolae_vaults_little_squares_3, nicolae_vaults_stairing_the_circle,
          layout_vaults_big_room
Vaults:2: v_misc_32, minmay_crypt_entry_simple_walls,
          nicolae_vaults_yaktaur_gun_rack, v_misc_8, v_pattern_5,
          vaults_mumra_minichess, v_misc_26, hangedman_vaults_corner_blocks,
          layout_vaults_quadrants, uniq_mara
Vaults:3: hangedman_vaults_cutoff, ontoclasm_vaults_fault, v_misc_10,
          hangedman_vaults_maws, nicolae_vaults_network_star,
          grunt_vaults_swirl, nicolae_vaults_little_squares_4,
          nicolae_vaults_alarming, vaults_room_hallway, v_alt_pattern_1,
          hangedman_vaults_stretched_pinwheel, ontoclasm_vaults_gateway,
          nicolae_vaults_little_squares_2, layout_vaults_omnibox
Vaults:4: v_rooms_6, v_rooms_5, v_misc_19, v_misc_4, grunt_vaults_hallway_short,
          grunt_vaults_twisty, vaults_dpeg_hooks, vaults_room_boxed,
          v_pattern_3, vaults_room_door_ring, vaults_room_ringed_pool,
          st_more_cells, layout_vaults_maze_snakey, mu_enter_wizlab_4,
          serial_shops, shop, uniq_aizul
Vaults:5

Skill      XL: |  1  2  3  4  5  6  7  8  9 10 11 12 13 14 15 16 17 18 19 20 21 22 |
---------------+-------------------------------------------------------------------+-----
Earth Magic    | 4 5 6 7 8 9 10 12 13 14 15 16 17 | 17.5
Conjurations   | 1 2 3 5 6 8 9 10 11 12 13 | 13.2
Fighting       | 1 2 3 4 6 7 8 10 11 12 13 | 13.3
Spellcasting   | 3 4 6 7 8 10 12 13 14 15 16 17 19 20 21 22 23 | 23.9
Transmutations | 3 4 |  4.0
Dodging        | 3 5 6 8 9 10 | 10.5
Stealth        | 5 6 7 |  7.0
Fire Magic     | 3 5 7 8 |  8.3
Shields        | 3 5 |  5.9
Evocations     | 1 5 6 |  6.0
Staves         | |  0.1
Necromancy     | |  0.3
Translocations | |  0.1

Action                   |  1- 3 |  4- 6 |  7- 9 | 10-12 | 13-15 | 16-18 | 19-21 | 22-24 || total
-------------------------+-------+-------+-------+-------+-------+-------+-------+-------++-------
Melee: Unarmed           |     6 |       |       |       |       |       |       |       ||     6
       Dagger            |    31 |       |       |       |       |       |       |       ||    31
       Constrict         |    14 |    18 |    24 |    10 |     5 |     9 |    10 |     6 ||    96
       Tentacles         |     6 |     8 |    14 |    12 |    13 |    17 |    16 |    17 ||   103
       Whip              |    20 |    69 |   108 |    13 |       |       |       |       ||   210
       Quarterstaff      |       |       |       |    11 |       |       |       |       ||    11
       Mace              |       |       |       |    10 |    53 |   106 |    48 |    44 ||   261
Throw: Dart              |       |     5 |    17 |     3 |     6 |       |       |       ||    31
       Stone             |       |     1 |       |       |       |       |       |       ||     1
       Javelin           |       |       |     9 |       |       |       |       |       ||     9
 Cast: Sandblast         |    18 |    51 |   102 |   118 |   113 |     4 |       |       ||   406
       Stone Arrow       |       |     7 |    57 |   100 |    83 |       |       |       ||   247
       Lee's Rapid Decon |       |       |     6 |    60 |   129 |    66 |    98 |     4 ||   363
       Foxfire           |       |       |     4 |     2 |       |     2 |       |       ||     8
       Petrify           |       |       |     1 |    14 |    10 |    10 |       |       ||    35
       Magic Dart        |       |       |       |    58 |    26 |       |       |       ||    84
       Fireball          |       |       |       |     4 |   171 |   207 |   102 |    61 ||   545
       Bolt of Magma     |       |       |       |     6 |   104 |    38 |    16 |     4 ||   168
       Iskenderun's Myst |       |       |       |     1 |     6 |     3 |     2 |       ||    12
       Iron Shot         |       |       |       |       |    45 |   279 |   390 |   114 ||   828
       Borgnjor's Vile C |       |       |       |       |       |     3 |       |       ||     3
       Shatter           |       |       |       |       |       |     1 |    10 |    16 ||    27
       Lehudib's Crystal |       |       |       |       |       |       |    73 |    39 ||   112
 Abil: Evoke Blink       |       |       |       |     2 |     3 |     1 |     1 |       ||     7
Evoke: Wand              |       |       |     3 |       |     6 |       |     2 |       ||    11
       Lightning rod     |       |       |       |     2 |     3 |       |       |       ||     5
       Phial of floods   |       |       |       |     1 |     1 |       |       |       ||     2
  Use: Scroll            |       |    11 |     8 |     9 |     6 |    16 |     5 |     3 ||    58
       Potion            |       |     1 |     7 |     3 |     1 |     3 |       |       ||    15
 Stab: Sleeping          |    11 |     3 |     4 |     3 |     4 |       |     1 |       ||    26
       Distracted        |       |     1 |       |     1 |       |       |       |       ||     2
       Petrified         |       |       |     6 |     2 |       |       |       |       ||     8
Armor: Skin              |     6 |     6 |     4 |     1 |     1 |     9 |    29 |     6 ||    62
Dodge: Dodged            |    25 |    45 |    85 |    81 |   172 |   152 |   141 |    46 ||   747
Block: Buckler           |       |       |       |       |    35 |    60 |    89 |    25 ||   209
       Reflection        |       |       |       |       |       |     2 |    12 |     9 ||    23

Table legend: (Time is in decaauts)
 A = Elapsed time spent in this place.
 B = Non-inter-level travel time spent in this place.
 C = Inter-level travel time spent in this place.
 D = Time resting spent in this place.
 E = Time spent auto-exploring this place.
 F = Levels seen in this place.
 G = Mean time per level.
                   A        B        C        D        E       F      G
               +--------+--------+--------+--------+--------+-----+--------+
         Total |  60251 |  56987 |   3264 |  20454 |  27317 |  43 | 1401.2 |
       Dungeon |  19427 |  17940 |   1487 |   5336 |   9709 |  15 | 1295.1 |
        Temple |    131 |    131 |      0 |      0 |     81 |   1 |  131.0 |
          Lair |   9459 |   8745 |    714 |   2875 |   4824 |   6 | 1576.5 |
         Swamp |   4994 |   4728 |    266 |   1574 |   2169 |   4 | 1248.5 |
   Spider Nest |   6329 |   6042 |    287 |   3010 |   2240 |   4 | 1582.2 |
  Orcish Mines |   1804 |   1666 |    138 |    688 |    589 |   2 |  902.0 |
   Elven Halls |   6182 |   5948 |    234 |   2624 |   2495 |   3 | 2060.7 |
        Vaults |   7844 |   7709 |    135 |   2272 |   4222 |   5 | 1568.8 |
       Ossuary |   1053 |   1053 |      0 |    696 |      4 |   1 | 1053.0 |
      Ice Cave |   1158 |   1158 |      0 |    475 |    433 |   1 | 1158.0 |
        Wizlab |   1867 |   1867 |      0 |    903 |    551 |   1 | 1867.0 |
               +--------+--------+--------+--------+--------+-----+--------+

Top non-repeatable levels by time:
   Elf:2: 2584 daAuts
Spider:2: 2065 daAuts
  Lair:3: 2061 daAuts
     D:9: 2050 daAuts
Vaults:1: 2039 daAuts
Vaults:2: 2033 daAuts
Vaults:3: 2029 daAuts
   Elf:3: 1892 daAuts
  WizLab: 1867 daAuts
Spider:4: 1842 daAuts
Vaults:4: 1731 daAuts
   Elf:1: 1705 daAuts
  Lair:4: 1550 daAuts
 Swamp:4: 1507 daAuts
  Lair:2: 1498 daAuts
